AoeStats
← TenienteDAN

Arabia

509000414Analyzed
1v1 RM · 6d ago on Sep 25, 2026· 50m 53s· 2 players
Game mode
Random Map
Map size
Tiny (2 player)
Population
200
Speed
Normal
Resources
Standard
Victory
Conquest
Starting age
Dark Age
Ending age
Imperial Age
RankedLock teamsTeams togetherTeam positionsShared explorationLock speedFull tech treeHidden civsTurbo modeCheats
Victory
Defeat
🇦🇷 Poles · Argentina
1123
+17
🇦🇷 Burmese · Argentina
1144
-17
TenienteDAN
4:44 Loom
9:45 Feudal Age
10:38 Double-Bit Axe
10:40 Horse Collar
21:00 Castle Age
19:14 Scale Barding Armor
20:16 Forging
21:43 Bloodlines
21:43 Husbandry
21:32 Town Watch
22:37 Gold Mining
22:50 Heavy Plow
27:53 Wheelbarrow
28:15 Fervor
28:26 Sanctity
28:34 Bow Saw
28:37 Town Patrol
29:01 Fletching
29:12 Padded Archer Armor
30:21 Stone Mining
32:11 Thumb Ring
32:30 Ballistics
32:46 Bodkin Arrow
33:07 Leather Archer Armor
34:39 Stone Shaft Mining
38:57 Imperial Age
36:49 Hand Cart
36:48 Masonry
38:15 Pikeman
38:55 Squires
38:59 Scale Mail Armor
39:34 Iron Casting
39:55 Bracer
41:00 Chemistry
40:15 Heavy Mounted Crossbowman
41:40 Conscription
42:31 Chain Mail Armor
43:16 Blast Furnace
45:29 Szlachta Privileges
45:45 Lechitic Legacy
46:10 Chain Barding Armor
46:50 Blast Furnace
46:11 Cavalier
ZeroTonino
7:33 Loom
9:47 Feudal Age
11:00 Man-at-Arms
17:26 Fletching
23:16 Castle Age
21:40 Stone Mining
21:42 Gold Mining
21:40 Horse Collar
22:14 Padded Archer Armor
24:07 Heavy Plow
23:30 Pikeman
23:33 Crossbowman
25:26 Forging
26:29 Squires
26:40 Town Watch
31:14 Scale Barding Armor
31:28 Bloodlines
32:03 Fervor
32:01 Husbandry
32:34 Arson
34:01 Sanctity
34:40 Manipur Cavalry
36:09 Chain Barding Armor
36:29 Ballistics
37:28 Wheelbarrow
38:11 Town Patrol
41:42 Imperial Age
40:58 Iron Casting
42:00 Gold Shaft Mining
42:53 Conscription
42:02 Cavalier
43:43 Plate Barding Armor
44:42 Blast Furnace
46:29 Elite Skirmisher
47:05 Bodkin Arrow
48:13 Chemistry
Connection lost

Rejoining the realm…

Still unreachable

The connection could not be restored.

Session expired

The server has moved on; the page needs a fresh start.